AoeStats
← SirLeon10

Arabia

507663766Analyzed
3v3 RM · 14d ago on Sep 19, 2026· 56m 48s· 6 players
Game mode
Random Map
Map size
Normal (6 player)
Population
200
Speed
Normal
Resources
Standard
Victory
Conquest
Starting age
Dark Age
Ending age
Imperial Age
RankedLock teamsTeams togetherTeam positionsShared explorationLock speedFull tech treeHidden civsTurbo modeCheats
Victory
Defeat
🇲🇽 Armenians · Mexico
966
+13
🇲🇽 Persians · Mexico
946
+14
🇲🇽 Turks · Mexico
856
+17
🇨🇳 Spanish · China
928
-16
🇸🇪 Vietnamese · Sweden
911
-15
🇨🇳 Cumans · China
842
-13
KKZ
4:02 Loom
11:02 Feudal Age
18:27 Castle Age
17:34 Double-Bit Axe
21:15 Horse Collar
23:34 Fletching
23:46 Padded Archer Armor
31:24 Ballistics
43:44 Imperial Age
44:35 Town Watch
45:25 Wheelbarrow
45:21 Bodkin Arrow
46:33 Conscription
52:54 Elite Conquistador
55:09 Gold Mining
55:21 Cavalier
56:16 Scale Barding Armor
不要打我哦
5:13 Loom
11:39 Feudal Age
14:09 Horse Collar
20:05 Castle Age
18:49 Double-Bit Axe
19:35 Fletching
21:12 Thumb Ring
22:13 Crossbowman
24:46 Squires
25:29 Heavy Plow
25:17 Pikeman
28:08 Bow Saw
30:19 Capped Ram
32:26 Bodkin Arrow
36:59 Elite Skirmisher
44:55 Imperial Age
44:50 Scale Mail Armor
45:49 Ballistics
46:07 Bloodlines
45:22 Halberdier
45:30 Halberdier
46:58 Masonry
48:42 Conscription
47:49 Light Cavalry
49:13 Guilds
51:42 Onager
53:51 Chain Mail Armor
55:48 Two-Man Saw
54:50 Imperial Skirmisher
35 year old virgin
0:26 Loom
13:03 Feudal Age
13:10 Man-at-Arms
14:03 Double-Bit Axe
15:48 Wheelbarrow
21:44 Castle Age
22:02 Gold Mining
23:21 Hand Cart
22:59 Stone Mining
MatronlySoup08
10:10 Loom
12:38 Feudal Age
12:38 Man-at-Arms
13:33 Double-Bit Axe
15:50 Long Swordsman
19:40 Arson
20:21 Scale Mail Armor
27:26 Castle Age
26:02 Forging
28:12 Two-Handed Swordsman
28:54 Squires
31:48 Horse Collar
32:21 Bow Saw
32:06 Gold Mining
32:09 Champion
34:12 Chain Mail Armor
35:50 Gold Shaft Mining
37:25 Padded Archer Armor
37:16 Fletching
37:17 Elite Skirmisher
41:28 Leather Archer Armor
41:09 Bodkin Arrow
44:55 Imperial Age
52:49 Fereters
SirLeon10
0:39 Loom
11:25 Feudal Age
11:53 Double-Bit Axe
17:55 Gold Mining
17:55 Stone Mining
23:41 Castle Age
22:47 Forging
22:43 Scale Barding Armor
27:17 Gold Shaft Mining
29:42 Iron Casting
30:08 Chain Barding Armor
31:48 Wheelbarrow
44:14 Imperial Age
44:46 Elite Janissary
46:37 Cavalier
49:10 Horse Collar
54:35 Conscription
54:29 Artillery
55:38 Blast Furnace
57:07 Plate Barding Armor
56:45 Bloodlines
56:35 Husbandry
Saryx
3:01 Loom
10:07 Feudal Age
12:18 Double-Bit Axe
18:37 Castle Age
17:32 Horse Collar
18:16 Town Watch
19:11 Bloodlines
19:12 Forging
19:11 Scale Barding Armor
19:26 Heavy Plow
24:09 Bow Saw
25:18 Wheelbarrow
24:54 Fletching
27:46 Elite Skirmisher
29:15 Town Patrol
29:35 Thumb Ring
34:46 Hand Cart
38:07 Gold Mining
38:40 Ballistics
42:38 Imperial Age
41:29 Husbandry
42:53 Stone Mining
43:43 Gold Shaft Mining
44:13 Parthian Tactics
46:53 Citadels
48:39 Citadels
49:07 Hoardings
48:40 Kamandaran
51:01 Conscription
52:29 Elite War Elephant
54:06 Herbal Medicine
54:22 Fervor
55:19 Chemistry
54:09 Guard Tower
54:11 Heated Shot
54:17 Murder Holes
56:30 Cavalier
56:31 Heavy Camel Rider
56:36 Crossbowman
Connection lost

Rejoining the realm…

Still unreachable

The connection could not be restored.

Session expired

The server has moved on; the page needs a fresh start.